 Dungeon Crawl Stone Soup version 0.22.1-1-ga44c0e56f4 (webtiles) character file.

5047 Oyasumi the Cleaver (level 10, -5/80 HPs)
             Began as a Demonspawn Berserker on Sept 20, 2018.
             Was a High Priest of Trog.
             Slain by a warg (6 damage)
             ... on level 9 of the Dungeon.
             The game lasted 00:48:49 (10751 turns).

Oyasumi the Cleaver (Demonspawn Berserker)         Turns: 10751, Time: 00:48:49

Health: -5/80      AC: 13    Str: 20    XL:     10   Next: 30%
Magic:  10/10      EV:  9    Int:  9    God:    Trog [*****.]
Gold:   446        SH:  3    Dex: 13    Spells: 9/9 levels left

rFire    + . .     SeeInvis .   k - +0 war axe
rCold    x . .     Gourm    .   (no shield)
rNeg     . . .     Faith    .   h - +0 chain mail
rPois    +         Spirit   .   (helmet restricted)
rElec    .         Reflect  +   r - +1 cloak {rPois}
rCorr    .         Harm     .   (no gloves)
MR       .....                  u - +0 pair of boots
Stlth    ..........             w - +3 amulet of reflection
HPRegen  0.23/turn              n - ring of fire
MPRegen  0.12/turn              (no ring)

@: no status effects
A: claws 1, hooves 2, horns 1, powered by pain 1, rot immunity
a: Berserk, Trog's Hand, Brothers in Arms, Renounce Religion


You were on level 9 of the Dungeon.
You worshipped Trog.
Trog was extremely pleased with you.
You were very hungry.

You visited 1 branch of the dungeon, and saw 10 of its levels.

You collected 446 gold pieces.

Inventory:

Hand Weapons
 k - a +0 war axe (weapon)
 H - a +0 trident
Armour
 h - a +0 chain mail (worn)
 r - a +1 cloak of poison resistance (worn)
 u - a +0 pair of boots (worn)
Jewellery
 m - an uncursed amulet of rage
 n - a ring of fire (left claw)
 w - a +3 amulet of reflection (around neck)
Wands
 a - a wand of scattershot (4)
 q - a wand of paralysis (8)
 z - a wand of digging (39)
 F - a wand of iceblast (17)
Scrolls
 b - 2 scrolls of fog {unknown}
 e - 3 scrolls of teleportation
 f - 3 scrolls of remove curse {unknown}
 g - a scroll of identify
 t - a scroll of amnesia {unknown}
 x - a scroll of enchant armour {unknown}
 y - a scroll of random uselessness {unknown}
 C - a scroll of enchant weapon {unknown}
 D - a scroll of immolation {unknown}
Potions
 d - a potion of flight {unknown}
 i - a potion of agility {unknown}
 j - 5 potions of haste
 l - a potion of degeneration {unknown}
 o - a potion of curing
 p - 3 potions of heal wounds {unknown}
 s - a potion of cancellation
 A - 3 potions of mutation
 B - 2 potions of might
 E - a potion of brilliance {unknown}
Comestibles
 c - 14 rations


   Skills:
 * Level 8.2 Fighting
 * Level 10.8 Axes
 + Level 5.5 Armour
 + Level 3.1 Dodging
 + Level 0.3 Stealth
 + Level 0.4 Evocations


You had 9 spell levels left.
You didn't know any spells.
Your spell library was empty.

Dungeon Overview and Level Annotations

Branches:
Dungeon (10/15)            Temple (0/1) D:7
   Lair: D:8-11         Orc: D:9-12

Altars:
Cheibriados
Dithmenos
Fedhas
Gozag
Kikubaaqudgha
Makhleb
Nemelex Xobeh
Sif Muna
Trog
Vehumet
Wu Jian
Xom
Yredelemnul


Innate Abilities, Weirdness & Mutations

You have sharp fingernails.
You have hoof-like feet.
You have a pair of small horns on your head.
You sometimes gain a little power by taking damage.
You are immune to rotting.


Message History

The warg bites you.
* * * LOW HITPOINT WARNING * * *
You hit the warg. Your headbutt misses the warg.
The warg is heavily wounded.
The warg closely misses you.
You closely miss the warg.
You headbutt the warg, but do no damage.
The warg is heavily wounded.
The warg bites you!
* * * LOW HITPOINT WARNING * * *
Your chain mail prevents you from hitting the warg.
The warg is heavily wounded.
The warg bites you.
* * * LOW HITPOINT WARNING * * *
You block the warg's attack.
You miss the warg.
You headbutt the warg, but do no damage.
The warg is heavily wounded.
The warg bites you.
You die...

#.# #.# ########### #.#
#.......[.# #.# #####
#......##.#### #.# ....#
......##.##.# #.# ....#
#..#.##.##.######.####
....#######.)#.##.##.#....#[...#
.........)...>.h@....#.##.####.#
....)....##.#..##.##.#.##.# #[#
.........##.#..##.##.#.##.####.#
.........##.#h.##.##.#.........#
..##.....##....##.##.####.######
#(#......##.##.##.##......#
#####....##.##.##.#########
#....##†##.##.# ##.####.##.##.#


You could see a warg.

Vanquished Creatures
  A queen bee (D:9)
  2 hippogriffs (D:6)
  2 yaks (D:9)
  A water moccasin (D:8)
  An ice beast (D:7)
  2 orc warriors
  5 black bears
  2 sky beasts
  4 ogres
  3 centaurs (D:6)
  A big kobold (D:9)
  5 bullfrogs
  A gnoll sergeant (D:7)
  A scorpion (D:7)
  11 killer bees (D:9)
  11 howler monkeys
  2 jellies (D:9)
  4 crimson imps
  6 hounds
  9 orc priests
  A centaur skeleton (D:7)
  Crazy Yiuf (D:4)
  5 orc wizards
  An iguana (D:5)
  3 worker ants
  A hound skeleton (D:5)
  A worker ant zombie (D:9)
  A howler monkey zombie (D:7)
  8 adders
  3 gnolls (D:7)
  An ooze (D:1)
  4 worms
  5 dart slugs
  3 leopard geckos
  24 orcs
  11 giant cockroaches
  13 goblins
  12 hobgoblins
  7 jackals
  4 quokkas
  3 bats
  12 frilled lizards
  2 jackal skeletons
  10 kobolds
  A quokka skeleton (D:3)
  12 rats
223 creatures vanquished.

Notes
Turn   | Place    | Note
-------+----------+-------------------------------------------
     0 | D:1      | Oyasumi the Demonspawn Berserker began the quest for the
                  | Orb.
     0 | D:1      | Reached XP level 1. HP: 18/18 MP: 1/1
   388 | D:1      | Gained mutation: You have large cloven feet. [demonic
                  | ancestry]
   388 | D:1      | Reached XP level 2. HP: 13/24 MP: 2/2
   550 | D:1      | Reached skill level 3 in Axes
   591 | D:1      | You fall through a shaft!
   790 | D:1      | Gained mutation: You sometimes gain a little power by
                  | taking damage. [demonic ancestry]
   790 | D:1      | Reached XP level 3. HP: 24/29 MP: 3/3
  1074 | D:1      | Reached ** piety under Trog
  1768 | D:2      | Found a snail-covered altar of Cheibriados.
  1770 | D:2      | Found a radiant altar of Vehumet.
  2008 | D:2      | Reached XP level 4. HP: 37/37 MP: 4/4
  2040 | D:2      | Found an opulent altar of Gozag.
  2530 | D:3      | Reached skill level 4 in Axes
  2808 | D:3      | Reached *** piety under Trog
  3033 | D:4      | Noticed an ogre
  3078 | D:4      | Gained mutation: You have a pair of small horns on your
                  | head. [demonic ancestry]
  3078 | D:4      | Reached XP level 5. HP: 42/42 MP: 5/5
  3115 | D:4      | Noticed an ogre
  3122 | D:4      | Killed an ogre
  3263 | D:4      | Found a blossoming altar of Fedhas.
  3265 | D:4      | Found an ancient bone altar of Kikubaaqudgha.
  3307 | D:4      | Found a basalt altar of Yredelemnul.
  3308 | D:4      | Noticed an ogre
  3315 | D:4      | Killed an ogre
  3315 | D:4      | Reached skill level 5 in Axes
  3315 | D:4      | Reached XP level 6. HP: 38/49 MP: 6/6
  3582 | D:4      | Found an ornate altar of the Wu Jian Council.
  3743 | D:4      | Found a deep blue altar of Sif Muna.
  3819 | D:4      | Found a runed door.
  4012 | D:4      | Noticed Crazy Yiuf
  4014 | D:4      | Killed Crazy Yiuf
  4014 | D:4      | Gained mutation: You have hoof-like feet. [demonic
                  | ancestry]
  4014 | D:4      | Reached XP level 7. HP: 55/55 MP: 7/7
  4101 | D:5      | Entered Level 5 of the Dungeon
  4396 | D:5      | Reached skill level 6 in Axes
  4672 | D:5      | Reached skill level 5 in Fighting
  5005 | D:5      | Found a sparkling altar of Nemelex Xobeh.
  5148 | D:5      | Found a bloodstained altar of Trog.
  5149 | D:5      | Found a shadowy altar of Dithmenos.
  5152 | D:5      | Found a shimmering altar of Xom.
  5426 | D:6      | Reached skill level 7 in Axes
  5481 | D:6      | Reached **** piety under Trog
  5486 | D:6      | Noticed a hippogriff
  5496 | D:6      | Killed a hippogriff
  5496 | D:6      | Gained mutation: You have sharp fingernails. [demonic
                  | ancestry]
  5496 | D:6      | Reached XP level 8. HP: 29/63 MP: 8/8
  5823 | D:6      | Reached skill level 8 in Axes
  6038 | D:6      | Noticed a hippogriff
  6048 | D:6      | Killed a hippogriff
  6572 | D:7      | Reached skill level 9 in Axes
  6572 | D:7      | Gained mutation: You are immune to rotting. [demonic
                  | ancestry]
  6572 | D:7      | Reached XP level 9. HP: 32/70 MP: 9/9
  7645 | D:7      | Found a staircase to the Ecumenical Temple.
  8301 | D:8      | Found a burning altar of Makhleb.
  8351 | D:8      | Reached skill level 10 in Axes
  8894 | D:10     | Entered Level 10 of the Dungeon
  8894 | D:10     | Noticed a cyclops
  8987 | D:9      | Reached skill level 5 in Armour
  9231 | D:9      | Reached XP level 10. HP: 80/80 MP: 10/10
  9242 | D:9      | Reached ***** piety under Trog
  9257 | D:9      | HP: 2/80 [orc priest/divine providence (12)]
 10750 | D:9      | HP: 1/80 [warg (5)]
 10751 | D:9      | Slain by a warg

Skill      XL: |  1  2  3  4  5  6  7  8  9 10 |
---------------+-------------------------------+-----
Axes           | 3 4 5 7 9 10 | 10.8
Dodging        | 2 3 |  3.1
Fighting       | 4 5 6 7 8 |  8.2
Armour         | 2 3 4 5 |  5.5
Stealth        | |  0.3
Evocations     | |  0.4

Action                   |  1- 3 |  4- 6 |  7- 9 | 10-12 || total
-------------------------+-------+-------+-------+-------++-------
Melee: Hand axe          |   123 |    46 |       |       ||   169
       Kick              |    29 |    38 |    23 |       ||    90
       War axe           |       |    97 |   376 |   176 ||   649
       Headbutt          |       |    12 |    77 |    37 ||   126
Evoke: Wand              |       |       |       |    14 ||    14
  Use: Scroll            |       |       |     5 |     2 ||     7
       Potion            |       |       |       |     7 ||     7
  Eat: Chunk             |     4 |     5 |    14 |     1 ||    24
       Ration            |       |       |     1 |     1 ||     2
Armor: Animal skin       |    23 |       |       |       ||    23
       Chain mail        |    13 |    75 |   250 |   149 ||   487
Dodge: Dodged            |    78 |    68 |   172 |   108 ||   426
Block: Other             |       |       |    42 |    23 ||    65
       Reflection        |       |       |     2 |       ||     2
